← All builds
Suicide front / Cortex / Economy first / OBSERVED BUILD

Standard suicide front

Cortex Suicide front build order · Supreme Isthmus

The role's baseline economy-first play: fast Bot Lab, early Advanced Metal Extractor, and a Thug/Grunt/Aggravator mix pushed to hold the middle while teching up.

#raid #push · 1243 distinct matches · 205 players · 73% of Cortex Suicide front games · team won 57% of 1325 · Recently observed

HOW TO PLAY IT

Key timing: Bot Lab by 0:39

  1. Open 3 mex, then rush Bot Lab almost immediately.
  2. Finish Bot Lab and start pushing Thug, Grunt, Aggravator.
  3. Send units straight to middle to contest and stop leaks.
  4. Eat the Bot Lab for metal if 32% of games reach that point.
  5. Transition into Advanced Metal Extractor once middle is stable.

Phase by phase

TYPICAL OF ITS 1243 GAMES
  1. 1
  2. 2
  3. 3
PLAY THE OPENING

Follow the example game's first 6:00 step by step: what to build now, what comes next, and where it goes. At 1× it keeps pace with your own game.

  1. 1

    Up to the Bot Lab

    Economy
    • Metal Extractor2Mex
    Order
    1. Bot LabBot Lab after 2 mexdone ~0:35, middle half 0:27–0:45

    By 0:18 in all: 2 mex

    The example game in this phase · 1 step
    1. Bot LabBot Labdone 0:02 · typical 0:35
  2. 2

    Bot Lab to 5:00

    Economy
    • Metal Extractor4Mex
    • Wind Turbine3Wind
    Builders
    • Graverobber4 Graverobber
    • Construction Bot3 Con bot
    Army
    • Guard3 Guard
    • Thug16 Thug
    • Grunt3 Grunt
    Other
    • Radar Tower1 Radar Tower

    Some games also: aggravator (37%) · con turret (30%)

    By 5:00 in all: 5 mex · 3 wind

    The example game in this phase · 47 steps
    1. Wind ×4
    2. Mex ×2
    3. Wind
    4. Mex
    5. Energy storage
    6. GraverobberGraverobber
    7. GruntGrunt ×5
    8. GraverobberGraverobber
    9. Construction BotCon bot ×3
    10. Con turret
    11. Mex
    12. Construction BotCon bot
    13. ThugThug
    14. Radar TowerRadar Tower
    15. ThugThug ×3
    16. GuardGuard
    17. Twin GuardTwin Guard
    18. ThugThug ×2
    19. WardenWarden
    20. Mex
    21. ThugThug ×4
    22. Construction BotCon bot
    23. Exploiter
    24. ThugThug
    25. Bot LabBot Labdone 3:34
    26. ThugThug ×2
    27. Radar TowerRadar Tower
    28. Wind
    29. ThugThug ×2
    30. Bot LabEat Bot Labreclaimed for its metal
    31. Wind
    32. ThugThug
    33. Con turret
    34. Wind
    35. TrasherTrasher
    36. Wind
    37. Con turret
    38. Wind
    39. TrasherTrasher
    40. Wind
    41. CastroCastro
    42. TrasherTrasher
    43. Wind
    44. GraverobberGraverobber
    45. Solar
    46. GraverobberGraverobber
    47. TrasherTrasher
  3. 3

    5:00 to 10:00

    Economy
    • Metal Extractor1Mex
    • Wind Turbine12Wind
    Builders
    • Construction Turret1 Con turret
    • Graverobber3 Graverobber
    • Construction Bot1 Con bot
    Army
    • Guard1 Guard
    • Thug13 Thug

    Some games also: grunt (48%) · aggravator (41%) · Radar Tower (39%) · energy storage (34%) · Twin Guard (31%)

    By 10:00 in all: 6 mex · 16 wind · 2 con turret

    The example game in this phase · 5 steps
    1. ThugThug
    2. Solar
    3. ThugThug ×3
    4. Solar
    5. ThugThug

Counts are medians over the build's games: half of them build more, half fewer. The example game is Mikasiki's (32 OS, 26/09/2026); pick another.

Team trades

IN AT LEAST 30% OF ITS GAMES

You hand over

Nothing regular.

You get

  • Tidal Generator4 Tidal from Pondfirst at 0:11 · in 69% of games
  • Advanced Construction Bot1 T2 con bot from Geo or Techfirst at 7:54 · in 54% of games

How it plays out

Typical game of this build, running totals by minute

Metal produced

010k20k
0:005:0010:0015:00

metal

Enemy metal destroyed

05k10k
0:005:0010:0015:00

metal

Own metal lost

05k10k
0:005:0010:0015:00

metal

1325 games.

Show as table
ByMetal produced: This buildEnemy metal destroyed: This buildOwn metal lost: This build
1:0032800
2:0094300
3:002035226173
4:003128752636
5:00428215901400
6:00546125962330
7:00665338143316
8:00784146804348
9:00898453915286
10:001024161006158
11:001161766476953
12:001318272287742
13:001473178518480
14:001618884419065
15:001778591239663
WHAT THE NUMBERS SAY

This baseline wins more often than most other roles' standard builds, with early aggression showing in high kills and losses alike.

  • + Team wins 54% of games, best winrate among the roles shown.
  • + First kill lands very early at 2:07 in all games.
  • − Own metal lost is heavy early, 1439 by 5:00.
  • − Enemy destroyed stays close to own losses through 15:00, a costly front.
THE EXAMPLE YOU ARE READING

Mikasiki

31.8 OS · 26/09/2026

Open source match ↗

4 received units
2 metal received · 8796 energy received

Allied construction assistance is unknown. Timings are observations, not a promise of solo reproducibility.

Typical milestones

Bot Lab0:35Middle 50%: 0:27–0:45 · n=1320
Advanced Metal Extractor10:04Middle 50%: 9:04–11:20 · n=820

Played most by

XXMACGAMERXX140games of this buildAbyssFalcon87games of this buildrealisticjo84games of this build_Hawkey_70games of this build_X_60games of this build
Standard suicide front · Cortex Suicide front build order · BAR Build Atlas